 Dungeon Crawl Stone Soup version 0.32-a0-928-g1cae6b7ea0 (webtiles) character file.

Game seed: 3680257511103168693

110 mopl the Sneak (level 4, -4/33 HPs)
             Began as a Draconian Enchanter on Apr 12, 2024.
             Shot with a sling bullet by a goblin (5 damage)
             ... led by Robin
             ... on level 2 of the Dungeon.
             The game lasted 00:01:59 (1555 turns).

mopl the Sneak (Draconian Enchanter)                Turns: 1555, Time: 00:02:00

Health: -4/33      AC:  5    Str: 16    XL:     4   Next: 61%
Magic:  8/8        EV: 11    Int: 17    God:
Gold:   85         SH:  0    Dex: 12    Spells: 4/9 levels left

rFire   . . .        b - +1 short sword (venom)
rCold   + . .        (no shield)
rNeg    . . .        (body armour unavailable)
rPois   .            (helmet restricted)
rElec   .            (no cloak)
rCorr   .            (no gloves)
SInv    .            (no boots)
Will    .....        (no amulet)
Stlth   ++           i - +6 ring of strength
HPRegen 0.25/turn    p - ring of protection from cold
MPRegen 0.11/turn

%: no passive effects
@: no status effects
A: AC +5, unfitting armour, cold-blooded
a: no special abilities


You were on level 2 of the Dungeon.
You visited 1 branch of the dungeon, and saw 2 of its levels.

You collected 85 gold pieces.

Inventory:

Hand Weapons
 a - a +1 dagger
 b - a +1 short sword of venom (weapon)
Missiles
 j - 11 poisoned darts
Armour
 g - a +0 pair of boots
Jewellery
 i - a +6 ring of strength (left hand)
 l - an amulet of guardian spirit
 p - a ring of protection from cold (right hand)
Scrolls
 e - a scroll of teleportation {unknown}
 m - a scroll of identify {unknown}
Potions
 c - 2 potions of attraction {unknown}
 d - a potion of cancellation {unknown}
 f - a potion of enlightenment {unknown}
 h - 2 potions of heal wounds {unknown}
 k - 2 potions of invisibility
 n - a potion of haste {unknown}
 o - a potion of lignification {unknown}


   Skills:
 - Level 1.0 Short Blades
 - Level 1.7 Dodging
 + Level 3.7 Stealth
 + Level 3.0 Spellcasting
 + Level 3.5 Hexes


You had 4 spell levels left.
You knew the following spells:

 Your Spells              Type           Power      Damage    Failure   Level
b - Ensorcelled Hibernat  Hex/Ice        16%        N/A       13%         2
c - Confusing Touch       Hex            14%        N/A       12%         3

Your spell library contained the following spells:

 Spells                   Type           Power      Damage    Failure   Level
 Tukima's Dance           Hex            14%        N/A       12%         3
 Dazzling Flash           Conj/Hex       16%        N/A       26%         3
 Hailstorm                Conj/Ice       2%         3d5       45%         3
 Summon Ice Beast         Ice/Summ       2%         N/A       45%         3
 Permafrost Eruption      Ice/Erth       1%         2x4d1     100%        6
 Sculpt Simulacrum        Ice/Alch       1%         N/A       100%        6


Dungeon Overview and Level Annotations

Branches:
Dungeon (2/15)

Altars:

Shops:
D:1 [

Annotations:
D:2 Robin


Innate Abilities, Weirdness & Mutations

Your plain brown scales are hard. (AC +5)
You cannot fit into any form of body armour.
You are cold-blooded and may be slowed by cold attacks.


Message History

The goblin no longer looks unusually strong.
The goblin unwields a +0 dagger.
The goblin wields a +0 sling.
The goblin shoots a sling bullet.
The sling bullet hits you.
* * * LOW HITPOINT WARNING * * *
Things that are here:
a +0 dagger; a +0 sling Unknown command.
You miss the goblin.
The goblin is moderately wounded.
The goblin hits you but does no damage.
You hit the goblin.
You kill the goblin!
The goblin shoots a sling bullet.
The sling bullet misses you.
You hit the hobgoblin.
The hobgoblin is poisoned.
Your tail-slap misses the hobgoblin.
The hobgoblin is severely wounded.
The hobgoblin hits you but does no damage.
You hit the hobgoblin.
You kill the hobgoblin!
You hit the goblin.
You kill the goblin!
Robin throws the goblin at you!
* * * LOW HITPOINT WARNING * * *
Unknown command.
The goblin unwields a +0 sling.
The goblin wields a +0 dagger.
The goblin hits you with a +0 dagger.
* * * LOW HITPOINT WARNING * * *
The goblin unwields a +0 dagger.
The goblin wields a +0 sling.
The goblin shoots a sling bullet.
The sling bullet closely misses you. Robin throws the goblin at you!
The goblin shoots a sling bullet.
The sling bullet barely misses you.
The goblin unwields a +0 dagger.
The goblin wields a +0 sling.
The goblin shoots a sling bullet.
The sling bullet hits you.
* * * LOW HITPOINT WARNING * * *
The goblin hits you with a +0 club.
* * * LOW HITPOINT WARNING * * *
The goblin hits you with a +0 club.
* * * LOW HITPOINT WARNING * * *
The goblin shoots a sling bullet.
The sling bullet hits you.
You die...

..##...##....##.##.#........#
...#...##....#...#..#####.###
...#...##......_.)...##...#
...###.##....#...#g#.#..###
...#...##....##.##)#...##
...#.####.........g....#
...#..........#.#g####.#
..###########.#...# #... ###
#########.#.@g# ##### #
#....##...##..# .. #
#.##.####.##..#.#
#####.##....#.......#
......#####.####....# #######
#.##...#....# #....########
######


You could see Robin and 3 goblins.

Vanquished Creatures
  Terence (D:2)
  An adder (D:2)
  A ribbon worm (D:2)
  4 dart slugs (D:1)
  3 ball pythons
  7 bats
  3 endoplasms
  2 giant cockroaches
  9 goblins
  9 hobgoblins
  5 quokkas
  2 frilled lizards
  4 kobolds (D:1)
  5 rats
56 creatures vanquished.

Notes
Turn   | Place    | Note
-------+----------+-------------------------------------------
     0 | D:1      | mopl the Draconian Enchanter began the quest for the Orb.
     0 | D:1      | Reached XP level 1. HP: 14/14 MP: 3/3
   174 | D:1      | Found Yricsal's Armour Shop.
   211 | D:1      | Reached XP level 2. HP: 16/20 MP: 5/5
   223 | D:1      | Reached skill level 3 in Stealth
   275 | D:1      | Reached skill level 3 in Hexes
   279 | D:1      | Learned a level 2 spell: Ensorcelled Hibernation
   657 | D:1      | Reached XP level 3. HP: 25/26 MP: 6/6
   661 | D:1      | Learned a level 3 spell: Confusing Touch
  1103 | D:2      | Noticed Terence
  1114 | D:2      | Killed Terence
  1115 | D:2      | Reached XP level 4. HP: 12/33 MP: 8/8
  1415 | D:2      | Found a faded altar of an unknown god.
  1506 | D:2      | Noticed Robin
  1509 | D:2      | Reached skill level 3 in Spellcasting
  1555 | D:2      | HP: 1/33 [goblin/+0 club[Robin] (2)]
  1555 | D:2      | Shot with a sling bullet by a goblin

Illustrated notes

Levels and vault maps discovered:
D:1:      dpeg_cavernosity, layout_basic, serial_shops, nicolae_shop_trees
D:2:      layout_basic, ebering_ecumenical_altar_box, uniq_terence, uniq_robin

Skill      XL: |  1  2  3  4 |
---------------+-------------+-----
Stealth        | 3 |  3.7
Hexes          | 3 |  3.5
Spellcasting   | 3 |  3.0
Short Blades   | |  1.0
Dodging        | |  1.7

Action                     |  1- 3 |  4- 6 || total
---------------------------+-------+-------++-------
  Melee: Dagger            |    90 |       ||    90
         Tailslap          |    10 |     8 ||    18
         Short sword       |    44 |    63 ||   107
   Stab: Sleeping          |     3 |     2 ||     5
 Armour: Skin              |    78 |    62 ||   140
  Dodge: Dodged            |    86 |    43 ||   129

Table legend: (Time is in decaauts)
 A = Elapsed time spent in this place.
 B = Non-inter-level travel time spent in this place.
 C = Inter-level travel time spent in this place.
 D = Time resting spent in this place.
 E = Time spent auto-exploring this place.
 F = Levels seen in this place.
 G = Mean time per level.
                   A        B        C        D        E       F      G
               +--------+--------+--------+--------+--------+-----+--------+
         Total |   1546 |   1476 |     70 |    214 |    869 |   2 |  773.0 |
       Dungeon |   1546 |   1476 |     70 |    214 |    869 |   2 |  773.0 |
               +--------+--------+--------+--------+--------+-----+--------+

Top non-repeatable levels by time:
     D:1: 936 daAuts
     D:2: 609 daAuts
